 Dungeon Crawl Stone Soup version 0.28.0-49-g6dfe1f597d (webtiles) character file.

Game seed: 14176882340620843564

1407 melloss the Covert (level 8, -2/40 HPs)
             Began as a Spriggan Enchanter on May 19, 2022.
             Slain by Pikel
             ... wielding a +2 whip of flaming
              (10 damage)
             ... on level 6 of the Dungeon.
             The game lasted 00:29:52 (8574 turns).

melloss the Covert (Spriggan Enchanter)             Turns: 8574, Time: 00:29:53

Health: -2/40      AC:  2    Str:  4    XL:     8   Next: 42%
Magic:  13/13      EV: 19    Int: 18    God:
Gold:   242        SH:  5    Dex: 16    Spells: 10/12 levels left

rFire   . . .      SeeInvis +   l - +1 dagger (venom)
rCold   + . .      Faith    .   (no shield)
rNeg    . . .      Spirit   .   b - +0 robe
rPois   .          Reflect  +   k - +0 hat
rElec   .          Harm     .   (no cloak)
rCorr   .          Rampage  .   (gloves unavailable)
Will    +....                   (boots unavailable)
Stlth   ++++......              j - amulet of reflection
HPRegen 0.13/turn               s - ring of protection from cold
MPRegen 0.13/turn               (no ring)

@: very quick
A: very small, no large weapons, unfitting armour, see invisible, speed 3
a: no special abilities


You were on level 6 of the Dungeon.
You visited 1 branch of the dungeon, and saw 6 of its levels.

You collected 242 gold pieces.

Inventory:

Hand Weapons
 a - a +1 dagger
 l - a +1 dagger of venom (weapon)
Missiles
 v - 8 poisoned darts (quivered)
 A - 2 datura-tipped darts
Armour
 b - a +0 robe (worn)
 k - a +0 hat (worn)
Jewellery
 j - an amulet of reflection (around neck)
 s - a ring of protection from cold (left hand)
Wands
 c - a wand of flame (23)
 p - a wand of acid (7)
Scrolls
 d - 3 scrolls of teleportation
 h - a scroll of acquirement {unknown}
 i - a scroll of vulnerability {unknown}
 m - 3 scrolls of identify
 o - a scroll of summoning {unknown}
 q - 2 scrolls of magic mapping
 r - a scroll of brand weapon {unknown}
 w - a scroll of enchant armour {unknown}
 x - a scroll of fear {unknown}
 y - a scroll of noise {unknown}
Potions
 e - a potion of degeneration {unknown}
 f - a potion of flight
 g - 2 potions of lignification {unknown}
 n - a potion of mutation {unknown}
 t - a potion of curing {unknown}
 u - a potion of haste {unknown}
 z - 2 potions of heal wounds


   Skills:
 + Level 3.5 Fighting
 - Level 5.0 Short Blades
 - Level 5.0 Dodging
 - Level 8.0 Stealth
 - Level 2.6 Spellcasting
 - Level 3.6 Hexes
 - Level 5.0 Ice Magic


You had 10 spell levels left.
You knew the following spells:

 Your Spells              Type           Power      Damage    Failure   Level
a - Ensorcelled Hibernat  Hex/Ice        34%        N/A       4%          2

Your spell library contained the following spells:

 Spells                   Type           Power      Damage    Failure   Level
 Confusing Touch          Hex            15%        N/A       12%         3
 Tukima's Dance           Hex            15%        N/A       12%         3
 Beastly Appendage        Tmut           4%         N/A       17%         1
 Dazzling Flash           Conj/Hex       16%        N/A       24%         3
 Sublimation of Blood     Necr           2%         N/A       26%         2
 Wereblood                Tmut           2%         N/A       26%         2
 Spider Form              Tmut/Pois      2%         N/A       45%         3
 Metabolic Englaciation   Hex/Ice        8%         N/A       63%         5
 Iskenderun's Mystic Bla  Conj/Tloc      2%         2d3       86%         4
 Olgreb's Toxic Radiance  Pois           2%         N/A       86%         4
 Petrify                  Tmut/Erth      2%         N/A       86%         4
 Starburst                Conj/Fire      1%         6d3       100%        6
 Statue Form              Tmut/Erth      1%         N/A       100%        6
 Ozocubu's Refrigeration  Ice            10%        4d7       100%        7
 Summon Hydra             Summ           1%         N/A       100%        7
 Ignition                 Fire           1%         3d3       100%        8


Dungeon Overview and Level Annotations

Branches:
Dungeon (6/15)
 Temple: D:4-7

Altars:
Nemelex Xobeh
Sif Muna
Zin
The Shining One

Shops:
D:2 !

Annotations:
D:3 2 runed translucent doors, klau3's ghost, weakling MiBe
D:6 Pikel


Innate Abilities, Weirdness & Mutations

You are very small and have problems with some larger weapons.
You are too small for most types of armour.
You have supernaturally acute eyesight. (SInv)
You cover ground extremely quickly. (Speed+++)


Message History

The ice beast looks as sick as possible!
You punch the ice beast, but do no damage.
The ice beast is almost dead.
The ice beast hits you but does no damage.
You barely miss the ice beast.
The ice beast is almost dead.
The ice beast completely misses you.
You hit the ice beast.
You kill the ice beast!
Your life force feels restored.
You start resting.
HP restored.
Done exploring.
There is a stone staircase leading down here.
You climb downwards.
Level annotation: Pikel The water moccasin zombie misses you.
The bullfrog skeleton closely misses you.
You block the water moccasin zombie's attack.
There is a stone staircase leading up, spattered with blood here.
You block the bullfrog skeleton's attack.
The water moccasin zombie barely misses you.
The bullfrog skeleton misses you.
You climb upwards.
There is a stone staircase leading down here.
There is a stone staircase leading down here.
You climb downwards.
Level annotation: Pikel The lemure shouts!
The kobold shouts!
You hear a shout!
A kobold brigand comes into view.
It is wielding a +0 dagger and quivering poisoned darts.
Pikel zaps a wand.
The bolt of acid hits you!!
Ouch! That really hurt!
* * * LOW HITPOINT WARNING * * *
The lemure closely misses you. x2
A kobold comes into view.
It is wielding a +0 club and quivering poisoned darts.
The lemure misses you.
The kobold brigand throws a poisoned dart.
The poisoned dart completely misses you.
Pikel hits you with a +2 whip of flaming!
You die...

...............#
...#.................##
.....$.............[##
..............#..####
.#.........###....
.............#...W
.............#
......K.5....#
.......@5#
..........5..#
.....#.#.....# .... ..
#...... ... ..# #.K...
.. ..# ###.K . ... K
####


You could see Pikel, a kobold brigand, 3 lemures and 2 kobolds.

Vanquished Creatures
  Sigmund (D:2)
  Eustachio (D:5)
  A black bear (D:4)
  An ice beast (D:5)
  An ogre (D:4)
  3 centaurs
  A bullfrog (D:4)
  A water moccasin skeleton (D:5)
  A howler monkey (D:4)
  2 hounds (D:5)
  A bullfrog skeleton (D:4)
  A gnoll shaman (D:4)
  Crazy Yiuf (D:4)
  An iguana (D:5)
  2 orc wizards
  2 hound skeletons (D:4)
  A howler monkey zombie (D:5)
  4 gnolls (D:4)
  6 adders
  An ufetubus (D:4)
  5 worms
  3 dart slugs
  11 orcs
  3 endoplasms
  3 giant cockroaches
  7 goblins
  6 hobgoblins
  7 jackals (D:2)
  8 kobolds
  5 quokkas
  2 ball pythons
  6 bats
  7 frilled lizards
  4 rats
110 creatures vanquished.

Vanquished Creatures (others)
  An orc (D:3)
  58 plants
59 creatures vanquished.

Grand Total: 169 creatures vanquished

Notes
Turn   | Place    | Note
-------+----------+-------------------------------------------
     0 | D:1      | melloss the Spriggan Enchanter began the quest for the Orb.
     0 | D:1      | Reached XP level 1. HP: 9/9 MP: 5/5
   464 | D:1      | Reached XP level 2. HP: 9/13 MP: 6/6
   483 | D:1      | Reached skill level 5 in Stealth
  1880 | D:2      | Learned a level 2 spell: Ensorcelled Hibernation
  1891 | D:2      | Reached XP level 3. HP: 16/16 MP: 2/8
  2895 | D:2      | Noticed Sigmund
  2922 | D:2      | Killed Sigmund
  2923 | D:2      | Reached skill level 5 in Dodging
  2923 | D:2      | Reached skill level 8 in Stealth
  2923 | D:2      | Reached XP level 4. HP: 21/21 MP: 6/9
  2923 | D:2      | Reached XP level 5. HP: 24/24 MP: 6/10
  2985 | D:2      | Found Roijud's Distillery.
  3947 | D:3      | Noticed a centaur
  3948 | D:3      | Killed a centaur
  3949 | D:3      | Reached XP level 6. HP: 28/28 MP: 11/11
  3955 | D:3      | Found a runed translucent door.
  4003 | D:3      | Noticed klau3's ghost (weakling MiBe)
  4378 | D:3      | Found a runed translucent door.
  4399 | D:3      | Found a sparkling altar of Nemelex Xobeh.
  5244 | D:4      | Found a glowing silver altar of Zin.
  5245 | D:4      | Found a shimmering blue altar of Sif Muna.
  5269 | D:4      | Reached skill level 5 in Short Blades
  5269 | D:4      | Reached skill level 1 in Ice Magic
  5269 | D:4      | Reached XP level 7. HP: 26/32 MP: 9/12
  5587 | D:4      | Found a runed translucent door.
  5588 | D:4      | Noticed Crazy Yiuf
  6531 | D:4      | Killed Crazy Yiuf
  6850 | D:5      | Entered Level 5 of the Dungeon
  6917 | D:5      | Noticed Eustachio
  7021 | D:5      | Killed Eustachio
  7022 | D:5      | Reached XP level 8. HP: 28/36 MP: 8/13
  7241 | D:5      | Reached skill level 5 in Ice Magic
  7260 | D:5      | Found a glowing golden altar of the Shining One.
  7406 | D:5      | Reached skill level 1 in Fighting
  8453 | D:6      | Noticed Pikel
  8574 | D:6      | Slain by Pikel

Illustrated notes

Levels and vault maps discovered:
D:1:      evilmike_arrival_rings, layout_basic, minivault_19
D:2:      layout_basic, serial_shops, shop, minmay_misc_feat_hallway,
          kennysheep_boxes, uniq_sigmund
D:3:      layout_rooms, old_standard_altar, ebering_ghost_sewer_f,
          grunt_decor_one_mirror
D:4:      layout_loops_ring, mainiacjoe_overflow_catch_the_wave,
          gup_sewer_entry_bowl, minmay_circle_x, uniq_crazy_yiuf_cottage
D:5:      layout_loops_ring, mainiacjoe_overflow_alcove_4, serial_glass,
          glass_columns_b, glass_columns_b, kennysheep_cluttered_room,
          dk_noncrumbling_3, uniq_eustachio
D:6:      layout_rooms, marbit_many_paths, pdpol_wu_jian_five_deadly_venoms,
          lexackson_kobold_supper, uniq_pikel

Skill      XL: |  1  2  3  4  5  6  7  8 |
---------------+-------------------------+-----
Dodging        | 3 5 |  5.0
Stealth        | 5 8 |  8.0
Short Blades   | 3 5 |  5.0
Ice Magic      | 1 4 5 |  5.0
Fighting       | 3 |  3.5
Spellcasting   | |  2.6
Hexes          | |  3.6

Action                   |  1- 3 |  4- 6 |  7- 9 || total
-------------------------+-------+-------+-------++-------
Melee: Dagger            |   133 |   121 |   176 ||   430
       Punch             |       |     2 |     2 ||     4
Throw: Dart              |       |       |     1 ||     1
 Cast: Ensorcelled Hiber |    15 |    17 |    26 ||    58
  Use: Scroll            |       |       |     4 ||     4
       Potion            |       |       |     2 ||     2
 Stab: Sleeping          |    19 |    19 |    23 ||    61
       Distracted        |     1 |     1 |       ||     2
Armor: Robe              |    14 |     7 |     9 ||    30
Dodge: Dodged            |   108 |    88 |   132 ||   328
Block: Other             |       |       |    30 ||    30
